 Dungeon Crawl Stone Soup version 0.30-a0-760-g5a9884bb7c (webtiles) character file.

Game seed: 9924797984850595938

34727 BigDaddyOpFi the Fighter (level 13, 0/96 HPs)
             Began as a Demonspawn Fighter on Feb 10, 2023.
             Was an Elder of Hepliaklqana.
             Slain by a bog body (21 damage)
             ... on level 3 of the Lair of Beasts.
             The game lasted 00:16:26 (13677 turns).

BigDaddyOpFi the Fighter (Demonspawn Fighter)      Turns: 13677, Time: 00:16:27

Health: 0/96       AC: 18    Str: 30    XL:     13   Next: 43%
Magic:  30/30      EV:  8    Int: 12    God:    Hepliaklqana [****..]
Gold:   1123       SH:  4    Dex: 12    Spells: 12/12 levels left

rFire   . . .      SeeInvis .    x - +7 lajatang "Orargh" {spect, MP+9}
rCold   . . .      Faith    .    (shield currently unavailable)
rNeg    . . .      Spirit   .    i - +0 plate armour
rPois   .          Reflect  .    (helmet unavailable)
rElec   .          Harm     .    j - +0 cloak
rCorr   .          Rampage  .    (no gloves)
Will    .....                    K - +1 pair of boots {Stlth+} Stlth
                                 A - amulet of the acrobat
HPRegen 1.36/turn                D - +6 ring of strength
MPRegen 0.22/turn                t - +4 ring of slaying

@: no status effects
A: reduced essence, horns 3, large bone plates 1, powered by death 1, clever 1,
sense surroundings 1, strong 1
a: Renounce Religion, Recall Ancestor, Ancestor Identity, Transference, Idealise


You were on level 3 of the Lair of Beasts.
You worshipped Hepliaklqana.
Hepliaklqana was greatly pleased with you.
You visited 3 branches of the dungeon, and saw 14 of its levels.
You also visited: Bailey.

You collected 1123 gold pieces.

Inventory:

Hand Weapons
 a - a +3 war axe of protection
 x - the +7 lajatang "Orargh" (weapon) {spect, MP+9}
   (You acquired it on level 7 of the Dungeon)

   MP:        It affects your magic capacity (+9).
 y - a +1 heavy broad axe
 P - the +7 short sword "Xuit" {flame, rC++}
   (You found it on level 9 of the Dungeon)

   rC:        It greatly protects you from cold.
Missiles
 b - a throwing net (quivered)
Armour
 i - a +0 plate armour (worn)
 j - a +0 cloak (worn)
 l - a +0 kite shield
 K - a +1 pair of boots of stealth (worn)
 V - an orb of light
 W - a +0 tower shield
Jewellery
 h - a +6 ring of dexterity
 m - a +6 ring of dexterity
 n - a ring of magical power
 p - a +4 ring of protection
 s - a ring of fire
 t - a +4 ring of slaying (right hand)
 A - an amulet of the acrobat (around neck)
 D - a +6 ring of strength (left hand)
 E - a ring of magical power
 T - a +4 ring of protection
 X - a ring of fire
 Y - a ring of willpower
Wands
 B - a wand of paralysis (6)
 J - a wand of polymorph (12)
 Q - a wand of roots (4)
Scrolls
 d - 4 scrolls of teleportation
 e - 2 scrolls of blinking
 o - a scroll of silence
 q - 3 scrolls of vulnerability
 r - 3 scrolls of amnesia
 w - 5 scrolls of poison
 G - 3 scrolls of fear
 M - a scroll of immolation
 S - a scroll of enchant weapon
 U - 2 scrolls of identify
Potions
 c - 3 potions of invisibility
 f - 3 potions of mutation
 g - 8 potions of curing
 u - 4 potions of ambrosia
 v - 3 potions of flight
 z - 2 potions of lignification {unknown}
 C - a potion of degeneration {unknown}
 F - 2 potions of brilliance {unknown}
 I - a potion of haste
 N - a potion of might
 O - a potion of berserk rage {unknown}
 R - a potion of magic {unknown}
Miscellaneous
 H - a piece from Xom's chessboard (15/15)
 L - a phantom mirror


   Skills:
 + Level 11.8 Fighting
 - Level 6.6(8.5) Axes
 + Level 8.3(9.3) Polearms
 + Level 10.8 Armour
 - Level 8.2 Shields
 * Level 11.7 Invocations


You had 12 spell levels left.
You didn't know any spells.
Your spell library contained the following spells:

 Spells                   Type           Power      Damage    Failure   Level
 Kiss of Death            Conj/Necr      0%         2d5       92%         1
 Sting                    Tmut/Pois      0%         1d3       92%         1
 Blink                    Tloc           0%         N/A       98%         2
 Lesser Beckoning         Tloc           0%         N/A       98%         2
 Momentum Strike          Conj/Tloc      0%         3d8       98%         2
 Scorch                   Fire           0%         2d5       98%         2
 Confusing Touch          Hex            0%         N/A       100%        3
 Dazzling Flash           Conj/Hex       0%         N/A       100%        3
 Kindle Blastsparks       Fire/Tloc/Air  0%         2d10      100%        3
 Spider Form              Tmut/Pois      0%         N/A       100%        3
 Dispel Undead            Necr           0%         3d6       100%        4
 Flame Wave               Conj/Fire      0%         2d4       100%        4
 Iskenderun's Mystic Bla  Conj/Tloc      0%         2d3       100%        4
 Olgreb's Toxic Radiance  Pois           0%         N/A       100%        4
 Petrify                  Tmut/Erth      0%         N/A       100%        4
 Freezing Cloud           Conj/Ice/Air   0%         6-21      100%        5
 Yara's Violent Unravell  Hex/Tmut       0%         3d3       100%        5
 Conjure Ball Lightning   Conj/Air       0%         3x3d6     100%        6
 Starburst                Conj/Fire      0%         6d3       100%        6
 Summon Cactus Giant      Summ           0%         N/A       100%        6
 Ozocubu's Refrigeration  Ice            0%         4d7       100%        7
 Spellforged Servitor     Conj/Summ      0%         N/A       100%        7
 Discord                  Hex            0%         N/A       100%        8
 Disjunction              Tloc           0%         N/A       100%        8
 Ignition                 Fire           0%         3d3       100%        8
 Lehudib's Crystal Spear  Conj/Erth      0%         10d2      100%        8


Dungeon Overview and Level Annotations

Branches:
Dungeon (10/15)            Temple (1/1) D:7            Lair (3/5) D:10
  Swamp (0/4) Lair:3        Snake (0/4) Lair:2          Orc (0/2) D:9
 Bailey (visited)

Altars:
Ashenzari
Cheibriados
Dithmenos
Fedhas
Hepliaklqana
Makhleb
Nemelex Xobeh
Okawaru
Qazlal
Sif Muna
Trog
Uskayaw
Vehumet
Wu Jian
Xom
Yredelemnul
Jiyva

Shops:
D:5 ![   D:9 :


Innate Abilities, Weirdness & Mutations

Your life essence is reduced to manifest your ancestor. (-10% HP)
You have a pair of large horns on your head.
You are partially covered in large bone plates. (SH +4)
You regenerate a little health from kills.
Your mind is acute. (Int +4, Str/Dex -1)
You passively map a small area around you.
Your muscles are strong. (Str +4, Int/Dex -1)


Message History

No target in view!
No target in view!
No target in view!
No target in view!
No target in view!
No target in view!
Y - a ring of willpower
Found a book of Spectacle.
Found a stone staircase leading down.
No target in view!
Found a stone staircase leading down.
No target in view!
u - 4 potions of ambrosia (gained 1)
A bog body comes into view.
Found a staircase to the Swamp.
A bog body comes into view.
There are monsters nearby!
The bog body closely misses you.
You slash the bog body!
The bog body is moderately damaged.
Your +7 lajatang "Orargh" {spect, MP+9} hits the bog body!!
The bog body touches you! The bog body freezes you!!
Marzanna hits the plant with a +0 flail.
The plant begins to die.
The bog body touches you. The bog body freezes you!
The bog body touches your +7 lajatang "Orargh" {spect, MP+9}!
Your spectral weapon shares its damage with you!
The bog body freezes your +7 lajatang "Orargh" {spect, MP+9}!
Your +7 lajatang "Orargh" {spect, MP+9} resists.
Your spectral weapon shares its damage with you!
You are too injured to fight recklessly!
You feel much better.
Marzanna hits the plant with a +0 flail!
The bog body touches you but does no damage.
You slice the bog body!!
You destroy the bog body!
The bog body touches you! The bog body freezes you!!
* * * LOW HITPOINT WARNING * * *
The bog body attacks as you move away! The bog body touches you.
* * * LOW HITPOINT WARNING * * *
The bog body freezes you!!
You die...

.....>.#.#..........#.
.......:.............#..
......P.................
.......#....#.#......#..
..~~♣......#....#.....††
, ,
.♣~~~♣.....#....#.....P.
.~~§§~.#......#......##.
.~~♣§§§P........#....#P.
..~§§§n@R..P.........#..
,
...§§§#..#..............
,
....$......>.........##.
......##........#....##.
, ......
#.............#.. #....
...........#..... * , ,
. ..# ........... ...#.
, .#.* ...#... , ..... ,
, ......


You could see the friendly Marzanna the knight and a bog body (ally target).

Vanquished Creatures
  An orc warlord (Bailey)
  The ghost of mandoloar the Grappler, a novice TrTm (D:9)
  A centaur warrior (D:10)
  5 two-headed ogres
  Nergalle (D:10)
  A bog body (Lair:3)
  2 orc knights (Bailey)
  Pikel (D:7)
  A deep elf pyromancer (D:9)
  A black mamba (Lair:1)
  Joseph (D:7)
  A torpor snail (Lair:1)
  5 cane toads
  4 komodo dragons
  4 trolls
  Grinder (D:5)
  3 slime creatures (D:9)
  A shadow (D:10)
  A wyvern (D:7)
  A wraith (D:7)
  23 yaks
  A steam dragon (D:8)
  3 vampire mosquitoes
  5 nagas (Lair:2)
  2 wargs (D:9)
  An acid dragon (D:10)
  7 water moccasins
  2 ice beasts
  14 orc warriors
  3 sky beasts
  4 black bears
  2 ogres
  4 wolves (Lair:2)
  2 centaurs
  A lemure (D:7)
  3 phantoms
  10 bullfrogs
  A kobold brigand (D:10)
  3 necrophages
  5 scorpions
  12 wights
  5 killer bees (D:10)
  2 howler monkeys
  6 hounds
  2 gnoll boudas
  3 jellies
  Crazy Yiuf (D:7)
  6 orc priests
  7 iguanas
  5 hell rats (Lair:2)
  8 orc wizards
  12 gnolls
  4 river rats (Lair:2)
  10 adders
  4 white imps
  An ufetubus (D:6)
  2 worms
  3 dart slugs
  29 orcs
  A bat (D:1)
  2 endoplasms
  2 giant cockroaches
  20 goblins
  12 hobgoblins
  6 jackals
  2 quokkas
  4 ball pythons
  2 frilled lizards
  9 kobolds
  10 rats
325 creatures vanquished.

Vanquished Creatures (collateral kills)
  A black mamba (Lair:3)
  2 cane toads
  A basilisk (Lair:2)
  4 yaks
  A black bear (D:10)
  A wolf (Lair:2)
  A bullfrog (D:8)
  2 wights (D:10)
  A jelly (D:9)
  A gnoll (D:8)
  2 orcs
  A rat (Lair:2)
18 creatures vanquished.

Vanquished Creatures (others)
  13 fungi
  24 plants
37 creatures vanquished.

Grand Total: 380 creatures vanquished

Notes
Turn   | Place    | Note
-------+----------+-------------------------------------------
     0 | D:1      | BigDaddyOpFi the Demonspawn Fighter began the quest for the
                  | Orb.
     0 | D:1      | Reached XP level 1. HP: 18/18 MP: 1/1
   367 | D:1      | Gained mutation: You regenerate a little health from kills.
                  | [demonic ancestry]
   367 | D:1      | Reached XP level 2. HP: 24/24 MP: 2/2
   635 | D:2      | You fall into a shaft and drop 2 floors!
  1146 | D:3      | Gained mutation: You have a pair of small horns on your
                  | head. [demonic ancestry]
  1146 | D:3      | Reached XP level 3. HP: 24/29 MP: 3/3
  1654 | D:2      | Found a faded altar of an unknown god.
  1736 | D:2      | Reached XP level 4. HP: 33/35 MP: 4/4
  2310 | D:5      | Entered Level 5 of the Dungeon
  2320 | D:5      | Noticed a scorpion
  2325 | D:5      | Gained mutation: You have hidden genetic potential. [potion
                  | of mutation]
  2325 | D:5      | Gained mutation: You sometimes lose your temper in combat.
                  | [potion of mutation]
  2325 | D:5      | Gained mutation: You are dopey. (Int -2) [potion of
                  | mutation]
  2329 | D:5      | Killed a scorpion
  2330 | D:5      | Reached XP level 5. HP: 22/42 MP: 5/5
  2331 | D:5      | Lost mutation: You sometimes lose your temper in combat.
                  | [potion of mutation]
  2331 | D:5      | Lost mutation: You are dopey. (Int -2) [potion of mutation]
  2331 | D:5      | Lost mutation: You have hidden genetic potential. [potion
                  | of mutation]
  2331 | D:5      | Gained mutation: You have sharp fingernails. [potion of
                  | mutation]
  2331 | D:5      | Gained mutation: You occasionally lose the ability to drink
                  | potions when taking damage. [potion of mutation]
  2332 | D:5      | Lost mutation: You occasionally lose the ability to drink
                  | potions when taking damage. [potion of mutation]
  2332 | D:5      | Lost mutation: You have sharp fingernails. [potion of
                  | mutation]
  2332 | D:5      | Gained mutation: You occasionally lose the ability to drink
                  | potions when taking damage. [potion of mutation]
  2333 | D:5      | Lost mutation: You occasionally lose the ability to drink
                  | potions when taking damage. [potion of mutation]
  2333 | D:5      | Gained mutation: Your mind is acute. (Int +4, Str/Dex -1)
                  | [potion of mutation]
  2333 | D:5      | Gained mutation: You passively map a small area around you.
                  | [potion of mutation]
  2333 | D:5      | Lost mutation: Your mind is acute. (Int +4, Str/Dex -1)
                  | [potion of mutation]
  2333 | D:5      | Gained mutation: You have hidden genetic potential. [potion
                  | of mutation]
  2512 | D:5      | Noticed a phantom
  2520 | D:5      | Killed a phantom
  2537 | D:5      | Found Gyza's Antique Armour Boutique.
  2540 | D:5      | Reached XP level 6. HP: 48/48 MP: 6/6
  2547 | D:5      | Gained mutation: Your muscles are strong. (Str +4, Int/Dex
                  | -1) [hidden potential]
  2618 | D:5      | Noticed an ice beast
  2623 | D:5      | Killed an ice beast
  2647 | D:5      | Gained mutation: You are partially covered in large bone
                  | plates. (SH +4) [demonic ancestry]
  2647 | D:5      | Reached XP level 7. HP: 53/55 MP: 7/7
  2825 | D:5      | Gained mutation: Your mind is acute. (Int +4, Str/Dex -1)
                  | [hidden potential]
  2825 | D:5      | Lost mutation: You have hidden genetic potential. [hidden
                  | potential expressed]
  2835 | D:5      | Noticed Grinder
  2852 | D:5      | Killed Grinder
  2853 | D:5      | Reached skill level 5 in Fighting
  3145 | D:5      | Found Voemehun's Distillery.
  3552 | D:6      | Reached skill level 5 in Armour
  3644 | D:6      | Reached skill level 5 in Shields
  3644 | D:6      | Gained mutation: You have a pair of horns on your head.
                  | [demonic ancestry]
  3644 | D:6      | Reached XP level 8. HP: 53/63 MP: 8/8
  3759 | D:6      | Noticed a two-headed ogre
  3765 | D:6      | Killed a two-headed ogre
  3766 | D:6      | Reached skill level 5 in Axes
  3921 | D:6      | Gained mutation: You have a pair of large horns on your
                  | head. [demonic ancestry]
  3921 | D:6      | Reached XP level 9. HP: 44/71 MP: 9/9
  4033 | D:6      | Noticed a troll
  4036 | D:6      | Killed a troll
  5101 | D:7      | Noticed Joseph
  5114 | D:7      | Killed Joseph
  5267 | D:7      | Identified 2 scrolls of acquirement
  5268 | D:7      | Acquired a +1 heavy broad axe
  5271 | D:7      | Acquired the +7 lajatang "Orargh" {spect, MP+9}
  5537 | D:7      | Reached skill level 1 in Polearms
  5900 | D:7      | Noticed Pikel
  5907 | D:7      | Killed Pikel
  5908 | D:7      | Reached XP level 10. HP: 70/80 MP: 10/10
  6236 | D:7      | Noticed a two-headed ogre
  6239 | D:7      | Killed a two-headed ogre
  6292 | D:7      | Identified the +0 robe "Savaxy" {rN+}
  6340 | D:7      | Identified the +0 short sword of the Futuristic God {drain,
                  | Contam rF+ Will+ Int+8}
  6422 | D:7      | Found a staircase to the Ecumenical Temple.
  6435 | Temple   | Entered the Ecumenical Temple
  6788 | Temple   | Became a worshipper of Hepliaklqana the Forgotten
  6842 | D:7      | Reached skill level 1 in Invocations
  7372 | D:7      | Found a runed translucent door.
  7373 | D:7      | Noticed Crazy Yiuf
  7438 | D:7      | Got the Information on Alteration and Pyromancy
  7690 | D:7      | Killed Crazy Yiuf
  7813 | D:8      | Found a flagged portal.
  7825 | Bailey   | Entered a bailey
  7890 | Bailey   | Noticed an orc knight
  7898 | Bailey   | Killed an orc knight
  7959 | Bailey   | Noticed an orc warlord
  7962 | Bailey   | Noticed an orc knight
  7981 | Bailey   | Killed an orc warlord
  7982 | Bailey   | Reached XP level 11. HP: 77/89 MP: 14/14
  7986 | Bailey   | Killed an orc knight
  7987 | Bailey   | Reached skill level 5 in Invocations
  8024 | Bailey   | Reached skill level 10 in Fighting
  8024 | Bailey   | Reached XP level 12. HP: 98/98 MP: 15/15
  8233 | D:8      | Reached * piety under Hepliaklqana
  8618 | D:9      | Got the Elucidation of Wintry Percussion
  8736 | D:9      | Found a staircase to the Orcish Mines.
  8847 | D:9      | Found a runed translucent gate.
  8847 | D:9      | Found a runed translucent gate.
  8847 | D:9      | Found a runed translucent gate.
  8851 | D:9      | Noticed mandoloar's ghost (novice TrTm)
  8883 | D:9      | Noticed a two-headed ogre
  8888 | D:9      | Killed a two-headed ogre
  9034 | D:9      | Found Attaar's Book Shoppe.
  9053 | D:9      | Noticed a two-headed ogre
  9058 | D:9      | Killed a two-headed ogre
  9500 | D:9      | Noticed a two-headed ogre
  9505 | D:9      | Killed a two-headed ogre
  9888 | D:9      | Found a viscous altar of Jiyva.
  9900 | D:9      | Killed mandoloar's ghost
  9901 | D:9      | Reached skill level 10 in Armour
  9913 | D:9      | Identified the +7 short sword "Xuit" {flame, rC++}
  9978 | D:10     | Entered Level 10 of the Dungeon
 10010 | D:10     | Noticed a centaur warrior
 10017 | D:10     | Killed a centaur warrior
 10361 | D:10     | Reached ** piety under Hepliaklqana
 10363 | D:10     | Remembered your ancestor Marzanna as a knight
 10522 | D:10     | Noticed Nergalle
 10528 | D:10     | Killed Nergalle
 10662 | D:10     | Found a staircase to the Lair.
 11023 | Lair:1   | Entered Level 1 of the Lair of Beasts
 11176 | Lair:1   | Reached skill level 10 in Invocations
 11179 | Lair:1   | Reached XP level 13. HP: 95/95 MP: 20/20
 11423 | Lair:1   | Reached *** piety under Hepliaklqana
 12066 | Lair:2   | Found a staircase to the Snake Pit.
 13472 | Lair:3   | Reached **** piety under Hepliaklqana
 13670 | Lair:3   | Found a staircase to the Swamp.
 13677 | Lair:3   | Slain by a bog body

Illustrated notes

Levels and vault maps discovered:
D:1:      amcnicky_arrival_double_pillar, layout_rooms, dk_noncrumbling_2
D:2:      minmay_inner_zag, layout_rooms, ebering_ecumenical_altar_mist,
          nicolae_concentric_dashed_squares_wild, interstate_on_off,
          minmay_misc_feat_ornament, grunt_ministairs_1,
          mrwooster_statue_mirror, st_stairs_5
D:3:      layout_rooms, kennysheep_crisscross
D:4:      layout_cave_pools
D:5:      layout_cave_pools, serial_shops, kennysheep_mini, shop,
          serial_co_window_serial, co_window_paths_a,
          co_window_of_opportunity_a, co_window_paths_b, co_window_paths_a,
          co_window_paths_a, co_window_paths_b, co_window_of_opportunity_a,
          co_window_paths_c, co_window_cross_4, co_window_2corner,
          co_window_cross_4, co_window_broadway_c, co_window_corner_cb,
          co_window_broadway_b, glass_columns_b, glass_columns_a,
          glass_columns_a, glass_columns_a, glass_columns_b,
          reono_crystal_passage, uniq_grinder
D:6:      layout_layer_cave, grunt_decor_junction, minmay_misc_feat_columns,
          hangedman_minor_gate_pass
D:7:      minmay_the_grid_four_pointed_star
          [minmay_the_grid_triangle_9x9_negative_grid,
          minmay_the_grid_triangle_9x9_checkered,
          minmay_the_grid_triangle_9x9_steps,
          minmay_the_grid_triangle_9x9_thin_v,
          minmay_the_grid_prize_four_corners_diamond_a], layout_layer_cave,
          nicolae_elyvilon_temple_path, minmay_temple_entry_gardened_gates,
          grunt_decor_arrowhead, hellmonk_bongcloud_opening, grunt_ministairs_2,
          uniq_joseph, uniq_crazy_yiuf_cottage, uniq_pikel
D:8:      layout_cave_pools, enter_bailey_3, nicolae_fountain_basement
D:9:      layout_cave_pods, david_orc_1_choice, gammafunk_ghost_ooze,
          serial_shops, nicolae_shop_advertising_works
          [nicolae_subvault_shop_adworks], kennysheep_just_a_vault
D:10:     layout_irregular_city, grunt_lair_entry_orc_guard_hut,
          dk_rats_in_the_wall, uniq_nergalle
Temple:   compressed_dpeg_circular_temple
Lair:1:   layout_hall_layers, infiniplex_staircase_pool_2
Lair:2:   layout_layer_cave, minmay_snake_entry_guardpost_medium,
          kennysheep_abandoned_house
Lair:3:   layout_long_grid, skrybe_swamp_entry_bodies, beast_lair_carwin_2

Skill      XL: |  1  2  3  4  5  6  7  8  9 10 11 12 13 |
---------------+----------------------------------------+-----
Axes           | 2 3 4 5 6 |  6.6
Shields        | 3 4 5 6 7 8 |  8.2
Armour         | 3 4 5 6 7 8 9 10 | 10.8
Fighting       | 4 5 6 7 9 10 11 | 11.8
Polearms       | 1 4 6 7 8 |  8.3
Invocations    | 4 5 10 11 | 11.7

Action                     |  1- 3 |  4- 6 |  7- 9 | 10-12 | 13-15 || total
---------------------------+-------+-------+-------+-------+-------++-------
  Melee: War axe           |    94 |    33 |   129 |       |       ||   256
         Headbutt          |     8 |     6 |    31 |    52 |    28 ||   125
         Lajatang          |       |       |    11 |   261 |    94 ||   366
 Invoke: Recall Ancestor   |       |       |       |     1 |       ||     1
         Ancestor Life: Kn |       |       |       |     1 |       ||     1
    Use: Potion            |       |     7 |     9 |    11 |     5 ||    32
         Scroll            |       |       |     8 |    14 |       ||    22
   Stab: Invisible         |       |       |       |     6 |       ||     6
         Distracted        |       |       |       |     3 |     2 ||     5
 Armour: Scale mail        |    47 |     8 |    39 |    31 |       ||   125
         Plate armour      |       |       |       |    92 |    39 ||   131
  Dodge: Dodged            |    20 |    11 |    42 |   162 |    40 ||   275
  Block: Buckler           |     9 |       |       |       |       ||     9
         Kite shield       |    33 |    20 |   112 |       |       ||   165
         Other             |       |       |     1 |    48 |    13 ||    62

Table legend: (Time is in decaauts)
 A = Elapsed time spent in this place.
 B = Non-inter-level travel time spent in this place.
 C = Inter-level travel time spent in this place.
 D = Time resting spent in this place.
 E = Time spent auto-exploring this place.
 F = Levels seen in this place.
 G = Mean time per level.
                   A        B        C        D        E       F      G
               +--------+--------+--------+--------+--------+-----+--------+
         Total |  13851 |  13413 |    438 |   1051 |  10018 |  15 |  923.4 |
       Dungeon |  10448 |  10055 |    393 |    773 |   7744 |  10 | 1044.8 |
        Temple |    375 |    375 |      0 |    278 |      0 |   1 |  375.0 |
          Lair |   2689 |   2645 |     44 |      0 |   2201 |   3 |  896.3 |
        Bailey |    339 |    339 |      0 |      0 |     72 |   1 |  339.0 |
               +--------+--------+--------+--------+--------+-----+--------+

Top non-repeatable levels by time:
     D:7: 2300 daAuts
     D:6: 1770 daAuts
  Lair:2: 1575 daAuts
     D:9: 1381 daAuts
     D:5: 1056 daAuts
    D:10: 1052 daAuts
  Lair:1: 858 daAuts
     D:2: 777 daAuts
     D:1: 618 daAuts
     D:8: 523 daAuts
     D:3: 523 daAuts
     D:4: 443 daAuts
  Temple: 375 daAuts
  Bailey: 339 daAuts
  Lair:3: 255 daAuts
